 Dungeon Crawl Stone Soup version 0.18.1-8-gdd0e5ea (webtiles) character file.

172 Wooh the Skirmisher (level 5, -5/48 HPs)
             Began as a Draconian Skald on May 24, 2016.
             Slain by an iguana (9 damage)
             ... on level 3 of the Dungeon.
             The game lasted 00:07:55 (2053 turns).

Wooh the Skirmisher (Draconian Skald)               Turns: 2053, Time: 00:08:03

Health: -5/48      AC:  5    Str: 14    XL:     5   Next: 27%
Magic:  4/8        EV: 12    Int: 13    God:
Gold:   98         SH:  0    Dex: 11    Spells: 3 memorised, 3 levels left

rFire  . . .     SeeInvis .     a - +0 falchion
rCold  . . .     Gourm    .     (armour unavailable)
rNeg   . . .     Faith    .     (no shield)
rPois  .         Spirit   .     (helmet restricted)
rElec  .         Dismiss  .     (no cloak)
rCorr  .         Reflect  .     (no gloves)
SustAt +         Harm     .     (no boots)
MR     .....                    (no amulet)
Stlth  +.........               (no ring)
                                h - ring of sustain attributes

@: not resistant to hostile enchantments, very unstealthy
A: unfitting armour, cold-blooded, AC +5
a: no special abilities


You were on level 3 of the Dungeon.
You were not hungry.

You visited 1 branch of the dungeon, and saw 3 of its levels.

You collected 98 gold pieces.

Inventory:

Hand Weapons
 a - a +0 falchion (weapon)
Missiles
 w - 2 tomahawks (quivered)
Jewellery
 h - a ring of sustain attributes (left hand)
Wands
 o - a wand of digging (6/24)
Scrolls
 e - a scroll of remove curse {unknown}
 j - a scroll of blinking {unknown}
 m - a scroll of teleportation {unknown}
 n - 2 scrolls of noise {unknown}
 q - a scroll of magic mapping {unknown}
 s - a scroll of random uselessness {unknown}
 t - a scroll of fear {unknown}
Potions
 d - 2 potions of curing {unknown}
 g - a potion of cancellation
 i - a potion of cure mutation {unknown}
 k - a potion of resistance {unknown}
 p - a potion of flight {unknown}
 u - a potion of might {unknown}
Books
 b - a book of Battle

   Spells                             Type                      Level
   a - Infusion                       Charms                       1
   b - Shroud of Golubria             Charms/Translocation         2
   c - Song of Slaying                Charms                       2
   d - Spectral Weapon                Hexes/Charms                 3
   e - Regeneration                   Charms/Necromancy            3
Comestibles
 c - 2 bread rations
 f - a meat ration
 l - a royal jelly
 r - a beef jerky
 v - a slice of pizza
 x - 5 chunks of flesh


   Skills:
 - Level 5.0 Fighting
 - Level 2.0 Long Blades
 - Level 1.3 Dodging
 - Level 2.0 Spellcasting
 + Level 3.9 Charms


You had 3 spell levels left.
You knew the following spells:

 Your Spells              Type           Power        Failure   Level  Hunger
a - Infusion              Chrm           ##..         8%          1    ##.....
b - Song of Slaying       Chrm           ##......     10%         2    ###....
c - Shroud of Golubria    Chrm/Tloc      #.........   21%         2    ###....


Dungeon Overview and Level Annotations

Branches:
Dungeon (3/15)

Altars:
Fedhas


Innate Abilities, Weirdness & Mutations

Your plain brown scales are hard (AC +5).
Your body does not fit into most forms of armour.
You are cold-blooded and may be slowed by cold attacks.


Message History

You hit the iguana.
The iguana is heavily wounded.
The iguana bites you.
* * * LOW HITPOINT WARNING * * *
The iguana misses you.
Items here: )) [ ÷ a whip; a short sword; a ring mail; a goblin skeleton
Casting: Shroud of Golubria
Confirm with . or Enter, or press ? or * to list all spells.
You begin infusing your attacks with magical energy.
The iguana bites you.
* * * LOW HITPOINT WARNING * * *
Drink which item? (? for menu, Esc to quit)
It was a potion of cancellation.
Your magical effects are unravelling.
Your magical contamination has completely faded away.
You feel magically purged.
You are no longer magically infusing your attacks.
The iguana bites you!
You die...

...# ..... .P.P.
..._..
############..P.P.
..................
.######...)..#..#
#l#####.# #@# #
#.# #.# #.# #
###.### #.#.....#
#####.#.###.#
.......÷# .###.
#####.#.###.....


You could see an iguana.

Vanquished Creatures
  An orc wizard (D:3)
  Ijyb (D:2)
  6 adders
  2 worms
  A dart slug (D:1)
  3 giant geckos
  5 orcs (D:3)
  3 bats
  3 giant cockroaches (D:2)
  5 hobgoblins
  3 jackals
  3 kobolds (D:2)
  A quokka (D:2)
  A ball python (D:2)
  A giant newt (D:2)
  8 goblins
  2 rats (D:2)
49 creatures vanquished.

Notes
Turn   | Place    | Note
--------------------------------------------------------------
     0 | D:1      | Wooh the Draconian Skald began the quest for the Orb.
     0 | D:1      | Reached XP level 1. HP: 17/17 MP: 3/3
   272 | D:1      | Reached skill level 3 in Fighting
   272 | D:1      | Reached XP level 2. HP: 24/26 MP: 5/5
   573 | D:2      | Noticed Ijyb
   590 | D:2      | Killed Ijyb
   590 | D:2      | Reached skill level 4 in Fighting
   590 | D:2      | Reached XP level 3. HP: 30/33 MP: 1/6
   642 | D:2      | Learned a level 2 spell: Song of Slaying
   966 | D:2      | Learned a level 2 spell: Shroud of Golubria
  1044 | D:2      | Found a blossoming altar of Fedhas.
  1078 | D:2      | Reached XP level 4. HP: 38/41 MP: 0/7
  1356 | D:2      | Reached skill level 5 in Fighting
  1956 | D:3      | Found a blossoming altar of Fedhas.
  1968 | D:3      | Reached XP level 5. HP: 42/48 MP: 5/8
  2053 | D:3      | Slain by an iguana

Skill      XL: |  1  2  3  4 |
---------------+-------------+-----
Fighting       | 3 4 5 |  5.0
Charms         | 3 |  3.9
Long Blades    | |  2.0
Dodging        | |  1.3
Spellcasting   | |  2.0

Action                   |  1- 3 |  4- 6 || total
-------------------------+-------+-------++-------
Melee: Falchion          |    76 |   131 ||   207
       Tailslap          |     3 |    10 ||    13
 Cast: Infusion          |     4 |     6 ||    10
       Shroud of Golubri |       |     6 ||     6
  Use: Potion            |       |     1 ||     1
 Stab: Sleeping          |     1 |       ||     1
  Eat: Chunk             |     1 |     4 ||     5
Armor: Skin              |    18 |    41 ||    59
Dodge: Dodged            |    42 |   108 ||   150
